NWL
RENTON WRECKS @ MEDFORD NUGGETS
06/13/1982
 
TOP OF THE 1ST
Renton Wrecks batting - Pitching for Medford Nuggets : RHP Pablo Gastelum
Pitching: RHP Pablo Gastelum
Batting: RHB Rolando Pino 0-0: Foul Ball, location: 2F
0-1: Called Strike
0-2: Ground out 5-3 (Groundball, 5, EV 84.4 MPH)
Batting: LHB Troy Thomas 0-0: Ball
1-0: Fly out, F8 (Flyball, 8LM, EV 93.8 MPH)
Batting: RHB Luis Gomez 0-0: Called Strike
0-1: Ball
1-1: SINGLE (Line Drive, 4D, EV 103.1 MPH)
Batting: RHB Stan Holmes 0-0: Fly out, F3 (Popup, 3S, EV 72.5 MPH)
Top of the 1st over - 0 runs, 1 hit, 0 errors, 1 left on base; Renton 0 - Medford 0
BOTTOM OF THE 1ST
Medford Nuggets batting - Pitching for Renton Wrecks : RHP Jeff Bettendorf
Pitching: RHP Jeff Bettendorf
Batting: RHB Tito Nieves 0-0: Foul Ball, location: 2F
0-1: Swinging Strike
0-2: Ball
1-2: Ball
2-2: Ground out 4-3 (Groundball, 34, EV 105.0 MPH)
Batting: RHB Juan Salinas 0-0: Foul Ball, location: 2F
0-1: Foul Ball, location: 2F
0-2: Ball
1-2: SINGLE (Line Drive, 8RS, EV 88.1 MPH)
Batting: RHB Carl Hollis 0-0: Swinging Strike
0-1: Ball
Juan Salinas steals 2nd base (no throw)
1-1: Ball
2-1: DOUBLE (Flyball, 89XD, EV 108.1 MPH)
Juan Salinas scores
Batting: LHB Jose Mantilla 0-0: Ball
1-0: Ball
2-0: SINGLE (Line Drive, 9LS, EV 101.9 MPH)
Carl Hollis to third
Runner from 3rd tries for Home, SAFE, throw by RF to home
Batting: RHB Scott Roebuck 0-0: Ball
1-0: Ball
2-0: Swinging Strike
2-1: Called Strike
2-2: Ball
3-2: Base on Balls
Jose Mantilla to second
Batting: RHB Jose Gonzalez 0-0: Ball
1-0: Foul Ball, location: 2F
1-1: Ball
2-1: Ball
3-1: Base on Balls
Jose Mantilla to third
Scott Roebuck to second
Batting: RHB Gary Crabtree 0-0: Ball
1-0: Ball
2-0: Ball
3-0: Called Strike
3-1: Base on Balls
Jose Mantilla scores
Scott Roebuck to third
Jose Gonzalez to second
Batting: RHB Gary Kempton 0-0: Ball
1-0: Called Strike
1-1: Called Strike
1-2: Ball
2-2: Ball
3-2: Foul Ball, location: 2F
3-2: Foul Ball, location: 2F
3-2: Strikes out swinging
Batting: LHB Philip Thomson 0-0: Ball
1-0: Foul Ball, location: 2F
1-1: Ground out U3 (Groundball, 34, EV 108.8 MPH)
Bottom of the 1st over - 3 runs, 3 hits, 0 errors, 3 left on base; Renton 0 - Medford 3
TOP OF THE 2ND
Renton Wrecks batting - Pitching for Medford Nuggets : RHP Pablo Gastelum
Batting: RHB Andrew Pratt 0-0: Foul Ball, location: 2F
0-1: Ground out 4-3 (Groundball, 4, EV 98.1 MPH)
Batting: SHB Ethan Charles 0-0: Ball
1-0: Foul Ball, location: 2F
1-1: Called Strike
1-2: Strikes out looking
Batting: LHB Paul Thoutsis 0-0: Ball
1-0: Ball
2-0: Called Strike
2-1: Foul Ball, location: 2F
2-2: Ball
3-2: Fly out, F6 (Flyball, 5D, EV 90.6 MPH)
Top of the 2nd over - 0 runs, 0 hits, 0 errors, 0 left on base; Renton 0 - Medford 3
BOTTOM OF THE 2ND
Medford Nuggets batting - Pitching for Renton Wrecks : RHP Jeff Bettendorf
Batting: RHB Tito Nieves 0-0: Ball
1-0: Swinging Strike
1-1: Foul Ball, location: 2F
1-2: Strikes out swinging
Batting: RHB Juan Salinas 0-0: Ball
1-0: Foul Ball, location: 2F
1-1: Ball
2-1: Ground out 5-3 (Groundball, 5L, EV 104.4 MPH)
Batting: RHB Carl Hollis 0-0: Ball
1-0: Ball
2-0: Called Strike
2-1: Swinging Strike
2-2: Fly out, F3 (Popup, 23F, EV 86.9 MPH)
Bottom of the 2nd over - 0 runs, 0 hits, 0 errors, 0 left on base; Renton 0 - Medford 3
TOP OF THE 3RD
Renton Wrecks batting - Pitching for Medford Nuggets : RHP Pablo Gastelum
Batting: RHB Frank Garcia 0-0: Ball
1-0: Ball
2-0: Called Strike
2-1: SINGLE (Line Drive, 4MD, EV 99.4 MPH)
Batting: LHB Christian Bryeans 0-0: Ball
1-0: Called Strike
1-1: Ball
2-1: Ball
3-1: Foul Ball, location: 2F
3-2: Base on Balls
Frank Garcia to second
Batting: RHB Rolando Pino 0-0: Ball
1-0: Foul Ball, location: 2F
1-1: Ball
2-1: Fielders Choice at 2nd, 5-4 (Groundball, 56, EV 86.9 MPH)
Frank Garcia to third
Batting: LHB Troy Thomas 0-0: Called Strike
Rolando Pino is caught stealing 2nd base 2-6
0-1: Called Strike
0-2: Ground out 4-3 (Groundball, 4, EV 90.0 MPH)
Top of the 3rd over - 0 runs, 1 hit, 0 errors, 1 left on base; Renton 0 - Medford 3
BOTTOM OF THE 3RD
Medford Nuggets batting - Pitching for Renton Wrecks : RHP Jeff Bettendorf
Batting: LHB Jose Mantilla 0-0: Foul Ball, location: 2F
0-1: Foul Ball, location: 2F
0-2: Foul Ball, location: 2F
0-2: Ball
1-2: SINGLE (Line Drive, 8LS, EV 102.5 MPH)
Batting: RHB Scott Roebuck 0-0: Ball
1-0: Foul Ball, location: 2F
1-1: Swinging Strike
1-2: Foul Ball, location: 2F
1-2: Ball
2-2: Foul Ball, location: 2F
2-2: Strikes out swinging
Batting: RHB Jose Gonzalez 0-0: Ball
1-0: Foul Ball, location: 2F
1-1: Swinging Strike
1-2: Foul Ball, location: 2F
1-2: Ball
2-2: Ball
3-2: Base on Balls
Jose Mantilla to second
Batting: RHB Gary Crabtree 0-0: Swinging Strike
0-1: Foul Ball, location: 2F
0-2: Ball
1-2: Strikes out swinging
Batting: RHB Gary Kempton 0-0: Ball
1-0: Called Strike
1-1: Swinging Strike
1-2: Fly out, F9 (Flyball, 9LS, EV 92.5 MPH)
Bottom of the 3rd over - 0 runs, 1 hit, 0 errors, 2 left on base; Renton 0 - Medford 3
TOP OF THE 4TH
Renton Wrecks batting - Pitching for Medford Nuggets : RHP Pablo Gastelum
Batting: RHB Luis Gomez 0-0: Ball
1-0: Ball
2-0: Fly out, F7 (Line Drive, 7, EV 89.4 MPH)
Batting: RHB Stan Holmes 0-0: Ball
1-0: Foul Ball, location: 2F
1-1: Fly out, F3 (Popup, 3F, EV 70.6 MPH)
Batting: RHB Andrew Pratt 0-0: Called Strike
0-1: Ball
1-1: Ball
2-1: Ball
3-1: Base on Balls
Batting: SHB Ethan Charles 0-0: Fielders Choice at 2nd, 6-4 (Groundball, 6, EV 84.4 MPH)
Top of the 4th over - 0 runs, 0 hits, 0 errors, 1 left on base; Renton 0 - Medford 3
BOTTOM OF THE 4TH
Medford Nuggets batting - Pitching for Renton Wrecks : RHP Jeff Bettendorf
Batting: LHB Philip Thomson 0-0: Ball
1-0: Fly out, F8 (Flyball, 8RS, EV 95.0 MPH)
Batting: RHB Tito Nieves 0-0: Ball
1-0: Ground out 6-3 (Groundball, 6S, EV 78.1 MPH)
Batting: RHB Juan Salinas 0-0: Foul Ball, location: 2F
0-1: Called Strike
0-2: Fly out, F9 (Flyball, 9D, EV 103.8 MPH)
Bottom of the 4th over - 0 runs, 0 hits, 0 errors, 0 left on base; Renton 0 - Medford 3
TOP OF THE 5TH
Renton Wrecks batting - Pitching for Medford Nuggets : RHP Pablo Gastelum
Batting: LHB Paul Thoutsis 0-0: Called Strike
0-1: Ball
1-1: Ball
2-1: Swinging Strike
2-2: SINGLE (Flyball, 8RS, EV 95.0 MPH)
Batting: RHB Frank Garcia 0-0: Ball
1-0: Called Strike
1-1: Ball
2-1: SINGLE (Groundball, 56D, EV 96.9 MPH)
Paul Thoutsis to second
Batting: LHB Christian Bryeans 0-0: Bunted foul
0-1: Ball
1-1: Bunt - Flyout to 13S! F1
Batting: RHB Rolando Pino 0-0: Called Strike
0-1: Fly out, F8 (Flyball, 8LS, EV 88.1 MPH)
Batting: LHB Troy Thomas 0-0: Ball
1-0: Fly out, F6 (Flyball, 5D, EV 88.8 MPH)
Top of the 5th over - 0 runs, 2 hits, 0 errors, 2 left on base; Renton 0 - Medford 3
BOTTOM OF THE 5TH
Medford Nuggets batting - Pitching for Renton Wrecks : RHP Jeff Bettendorf
Batting: RHB Carl Hollis 0-0: DOUBLE (Line Drive, 89D, EV 105.6 MPH)
Batting: LHB Jose Mantilla 0-0: Called Strike
0-1: Ball
1-1: 2-RUN HOME RUN (Flyball, 9LD, EV 100.6 MPH), Distance : 361 ft
Batting: RHB Scott Roebuck 0-0: Ball
1-0: Foul Ball, location: 2F
1-1: Ball
2-1: Foul Ball, location: 2F
2-2: Ball
3-2: Foul Ball, location: 2F
3-2: Fly out, F8 (Flyball, 8RM, EV 88.8 MPH)
Batting: RHB Jose Gonzalez 0-0: Ball
1-0: Called Strike
1-1: SINGLE (Line Drive, 8LS, EV 104.4 MPH)
Batting: RHB Gary Crabtree 0-0: Called Strike
0-1: Ball
1-1: Ball
2-1: Called Strike
2-2: Ball
3-2: Base on Balls
Jose Gonzalez to second
Batting: RHB Gary Kempton 0-0: Ball
1-0: Ball
2-0: Ball
3-0: Base on Balls
Jose Gonzalez to third
Gary Crabtree to second
Batting: LHB Philip Thomson 0-0: Ball
1-0: Called Strike
1-1: Ball
2-1: Ball
Wild Pitch!
Jose Gonzalez scores
Gary Crabtree to third
Gary Kempton to second
3-1: Base on Balls
Pitching: RHP Curtis Voyles
Batting: RHB Tito Nieves 0-0: Called Strike
0-1: Called Strike
0-2: Ball
1-2: Foul Ball, location: 2F
1-2: Ball
2-2: Ball
3-2: Strikes out swinging
Batting: RHB Juan Salinas 0-0: Called Strike
0-1: Called Strike
0-2: Ball
1-2: Ball
2-2: Foul Ball, location: 2F
2-2: Foul Ball, location: 2F
2-2: Foul Ball, location: 2F
2-2: Ball
3-2: Foul Ball, location: 2F
3-2: Ground out 6-3 (Groundball, 6, EV 103.8 MPH)
Bottom of the 5th over - 3 runs, 3 hits, 0 errors, 3 left on base; Renton 0 - Medford 6
TOP OF THE 6TH
Renton Wrecks batting - Pitching for Medford Nuggets : RHP Pablo Gastelum
Batting: RHB Luis Gomez 0-0: Ground out U3 (Groundball, 34S, EV 86.3 MPH)
Batting: RHB Stan Holmes 0-0: Called Strike
0-1: Called Strike
0-2: Strikes out swinging
Batting: RHB Andrew Pratt 0-0: Ball
1-0: Fly out, F4 (Line Drive, 4, EV 69.4 MPH)
Top of the 6th over - 0 runs, 0 hits, 0 errors, 0 left on base; Renton 0 - Medford 6
BOTTOM OF THE 6TH
Medford Nuggets batting - Pitching for Renton Wrecks : RHP Curtis Voyles
Batting: RHB Carl Hollis 0-0: Called Strike
0-1: DOUBLE (Line Drive, 89M, EV 105.6 MPH)
Batting: LHB Jose Mantilla 0-0: Called Strike
0-1: Foul Ball, location: 2F
0-2: Ground out 4-3 (Groundball, 4, EV 77.5 MPH)
Carl Hollis to third
Batting: RHB Scott Roebuck 0-0: Called Strike
0-1: Called Strike
0-2: Foul Ball, location: 2F
0-2: Fly out, F8 (Line Drive, 8RM, EV 105.0 MPH)
Runner from 3rd tags up, SCORES, no throw by CF
Batting: RHB Jose Gonzalez 0-0: Ball
1-0: Ball
2-0: Ball
3-0: Base on Balls
Batting: RHB Gary Crabtree 0-0: Called Strike
0-1: Swinging Strike
0-2: Ball
Jose Gonzalez steals 2nd base
1-2: Foul Ball, location: 2F
1-2: Strikes out swinging
Bottom of the 6th over - 1 run, 1 hit, 0 errors, 1 left on base; Renton 0 - Medford 7
TOP OF THE 7TH
Renton Wrecks batting - Pitching for Medford Nuggets : RHP Pablo Gastelum
Batting: SHB Ethan Charles 0-0: Ball
1-0: Ball
2-0: Foul Ball, location: 2F
2-1: Swinging Strike
2-2: Strikes out looking
Batting: LHB Paul Thoutsis 0-0: Ball
1-0: Foul Ball, location: 2F
1-1: DOUBLE (Flyball, 78XD, EV 104.4 MPH)
Pinch Hitting: RHB Mike Henley 0-0: SINGLE (Groundball, 34S, EV 87.5 MPH) (infield hit)
Paul Thoutsis to third
Batting: LHB Christian Bryeans 0-0: Ball
1-0: Called Strike
1-1: Ball
2-1: Called Strike
2-2: Ball
3-2: SINGLE (Groundball, 3S, EV 76.3 MPH) (infield hit)
Paul Thoutsis scores
Mike Henley to second
Batting: RHB Rolando Pino 0-0: Foul Ball, location: 2F
0-1: Ball
1-1: Ball
2-1: Foul Ball, location: 2F
2-2: Foul Ball, location: 2F
2-2: Fly out, F7 (Flyball, 7LM, EV 87.5 MPH)
Batting: LHB Troy Thomas 0-0: Ball
1-0: Ball
2-0: Ball
3-0: Called Strike
3-1: Base on Balls
Mike Henley to third
Christian Bryeans to second
Batting: RHB Luis Gomez 0-0: Ball
1-0: Ball
2-0: Called Strike
2-1: Foul Ball, location: 2F
2-2: Ball
3-2: Ground out U3 (Groundball, 3, EV 105.0 MPH)
Top of the 7th over - 1 run, 3 hits, 0 errors, 3 left on base; Renton 1 - Medford 7
BOTTOM OF THE 7TH
Medford Nuggets batting - Pitching for Renton Wrecks : RHP Curtis Voyles
Now at 3B: Mike Henley
Batting: RHB Gary Kempton 0-0: Fly out, F9 (Flyball, 9LM, EV 96.3 MPH)
Batting: LHB Philip Thomson 0-0: Foul Ball, location: 2F
0-1: Foul Ball, location: 2F
0-2: Foul Ball, location: 2F
0-2: Fly out, F8 (Line Drive, 8RD, EV 105.6 MPH)
Batting: RHB Tito Nieves 0-0: Fly out, F7 (Line Drive, 7, EV 89.4 MPH)
Bottom of the 7th over - 0 runs, 0 hits, 0 errors, 0 left on base; Renton 1 - Medford 7
TOP OF THE 8TH
Renton Wrecks batting - Pitching for Medford Nuggets : RHP Pablo Gastelum
Batting: RHB Stan Holmes 0-0: Ball
1-0: Fly out, F8 (Flyball, 8RM, EV 86.9 MPH)
Batting: RHB Andrew Pratt 0-0: Ball
1-0: Ball
2-0: Ball
3-0: Called Strike
3-1: SINGLE (Line Drive, 78S, EV 88.8 MPH)
Batting: SHB Ethan Charles 0-0: Ball
1-0: Foul Ball, location: 2F
1-1: Ball
2-1: SINGLE (Groundball, 34D, EV 100.6 MPH)
Andrew Pratt to second
Runner from 2nd tries for 3rd, SAFE, throw by RF made to third
Batting: LHB Paul Thoutsis 0-0: Fly out, F8 (Flyball, 78XD, EV 100.0 MPH)
Runner from 3rd tags up, SCORES, no throw by CF
Batting: RHB Mike Henley 0-0: Fly out, F8 (Flyball, 8RS, EV 88.8 MPH)
Top of the 8th over - 1 run, 2 hits, 0 errors, 1 left on base; Renton 2 - Medford 7
BOTTOM OF THE 8TH
Medford Nuggets batting - Pitching for Renton Wrecks : RHP Curtis Voyles
Batting: RHB Juan Salinas 0-0: Called Strike
0-1: Swinging Strike
0-2: Ball
1-2: Strikes out swinging, 2-3 out at first.
Batting: RHB Carl Hollis 0-0: Ball
1-0: Swinging Strike
1-1: Foul Ball, location: 2F
1-2: Strikes out swinging
Batting: LHB Jose Mantilla 0-0: Ball
1-0: Ball
2-0: Called Strike
2-1: Ball
3-1: Called Strike
3-2: Base on Balls
Pitching: RHP Gregory Norris
Batting: RHB Scott Roebuck 0-0: Ball
1-0: Ball
2-0: Ball
3-0: Called Strike
3-1: Foul Ball, location: 2F
3-2: 2-RUN HOME RUN (Flyball, 78XD, EV 95.6 MPH), Distance : 431 ft
Pinch Hitting: RHB Ronald Lindberg 0-0: Swinging Strike
0-1: Ball
1-1: Ball
2-1: Reached on error, E5 (Groundball, 5S, EV 87.5 MPH)
Batting: RHB Gary Crabtree 0-0: Foul Ball, location: 2F
0-1: Ball
1-1: Foul Ball, location: 2F
1-2: Strikes out swinging
Bottom of the 8th over - 2 runs, 1 hit, 1 error, 1 left on base; Renton 2 - Medford 9
TOP OF THE 9TH
Renton Wrecks batting - Pitching for Medford Nuggets : RHP Pablo Gastelum
Now at 3B: Ronald Lindberg
Batting: LHB Christian Bryeans 0-0: Called Strike
0-1: Ball
1-1: Ball
2-1: SINGLE (Groundball, 56D, EV 98.8 MPH)
Batting: RHB Rolando Pino 0-0: Called Strike
0-1: Foul Ball, location: 2F
0-2: Ball
1-2: Ball
2-2: Ball
3-2: Base on Balls
Christian Bryeans to second
Pinch Hitting: RHB Richard Rizzo 0-0: Called Strike
0-1: SINGLE (Line Drive, 5D, EV 101.9 MPH)
Christian Bryeans to third
Rolando Pino to second
Batting: RHB Luis Gomez 0-0: Ball
1-0: Foul Ball, location: 2F
1-1: DOUBLE (Groundball, 5L, EV 96.3 MPH)
Christian Bryeans scores
Rolando Pino scores
Richard Rizzo to third
Batting: RHB Stan Holmes 0-0: Called Strike
0-1: Ball
1-1: Ball
2-1: Foul Ball, location: 2F
2-2: Strikes out looking
Batting: RHB Andrew Pratt 0-0: Swinging Strike
0-1: Ball
1-1: Fly out, F7 (Line Drive, 7, EV 91.9 MPH)
Pitching: RHP Elias Guerrero
Batting: SHB Ethan Charles 0-0: Swinging Strike
0-1: Called Strike
0-2: Ball
1-2: Foul Ball, location: 2F
1-2: Foul Ball, location: 2F
1-2: 3-RUN HOME RUN (Flyball, 78XD, EV 105.0 MPH), Distance : 416 ft
Batting: LHB Paul Thoutsis 0-0: Ball
1-0: Ball
2-0: Swinging Strike
2-1: Foul Ball, location: 2F
2-2: Ball
3-2: Base on Balls
Pitching: RHP Alex Baeza
Batting: RHB Mike Henley 0-0: Ball
Passed Ball!
Paul Thoutsis to second
1-0: Foul Ball, location: 2F
1-1: Ball
2-1: Fly out, F7 (Flyball, 78S, EV 78.1 MPH)
Top of the 9th over - 5 runs, 4 hits, 0 errors, 1 left on base; Renton 7 - Medford 9
Friday, August 7th, 2020 - OOTP Baseball 21.5 Build 76